 Dungeon Crawl Stone Soup version 0.20-a0-1124-g2e29d97 (webtiles) character file.

2627 JeffiDaFish the Blocker (level 9, -10/55 HPs)
             Began as a Gargoyle Fighter on May 16, 2017.
             Was a Believer of Okawaru.
             Mangled by a two-headed ogre
             ... wielding a +0 giant club
              (18 damage)
             ... on level 7 of the Dungeon on May 17, 2017.
             The game lasted 00:16:41 (7634 turns).

JeffiDaFish the Blocker (Gargoyle Fighter)          Turns: 7634, Time: 00:16:41

Health: -10/55     AC: 25    Str: 19      XL:     9   Next: 61%
Magic:  10/10      EV:  5    Int:  9 (10) God:    Okawaru [**....]
Gold:   275        SH: 11    Dex: 12      Spells: 8/8 levels left

rFire    . . .     SeeInvis .   a - +1 flail
rCold    . . .     Gourm    .   c - +0 shield
rNeg     + . .     Faith    .   k - +0 plate armour
rPois    ∞         Spirit   .   j - +0 helmet
rElec    +         Reflect  .   d - +2 cloak
rCorr    .         Harm     .   i - +1 pair of gloves
MR       .....                  (no boots)
Stlth    ..........             (no amulet)
Regen    0.2/turn               (no ring)
MPRegen  0.2/turn               (no ring)

@: no status effects
A: big wings, hooves 1, deterioration 1, negative energy resistance 1,
electricity resistance, unbreathing, petrification resistance, rot immunity, AC
+5
a: Fly, Heroism, Renounce Religion


You were on level 7 of the Dungeon.
You worshipped Okawaru.
Okawaru was pleased with you.
You were very hungry.

You visited 2 branches of the dungeon, and saw 8 of its levels.
You also visited: Sewer.

You collected 275 gold pieces.

Inventory:

Hand Weapons
 a - a +1 flail (weapon)
Armour
 c - a +0 shield (worn)
 d - a +2 cloak (worn)
 i - a +1 pair of gloves (worn)
 j - a +0 helmet (worn)
 k - a +0 plate armour (worn)
Wands
 b - a wand of disintegration (0/24)
Scrolls
 e - 3 scrolls of remove curse
 h - 10 scrolls of identify
 l - a scroll of magic mapping
 m - 2 scrolls of teleportation
 o - a scroll of blinking
Books
 p - a book of Cantrips

   Spells                             Type                      Level
   a - Confusing Touch                Hexes                        1
   b - Animate Skeleton               Necromancy                   1
   c - Summon Small Mammal            Summoning                    1
   d - Apportation                    Translocation                1
Comestibles
 f - 5 bread rations
 g - 5 royal jellies


   Skills:
 + Level 6.2 Fighting
 + Level 7.8 Maces & Flails
 + Level 6.4 Armour
 + Level 1.5 Dodging
 + Level 0.8 Stealth
 + Level 8.2 Shields
 + Level 1.5 Evocations


You had 8 spell levels left.
You didn't know any spells.

Dungeon Overview and Level Annotations

Branches:
Dungeon (7/15)             Temple (1/1) D:5

Altars:
Ashenzari
Cheibriados
Dithmenos
Elyvilon
Gozag
Hepliaklqana
Kikubaaqudgha
Makhleb
Nemelex Xobeh
Okawaru
Qazlal
Ru
Sif Muna
Trog
Uskayaw
Vehumet
Wu Jian
Yredelemnul
Zin
The Shining One

Shops:
D:5 [

Annotations:
D:7 Prince Ribbit


Innate Abilities, Weirdness & Mutations

You are resistant to torment.
Your stone body is resilient. (AC +5)
You are immune to poison.
You resist negative energy. (rN+)
You are resistant to electric shocks. (rElec)
You can survive without breathing.
You are immune to petrification.
You are immune to rotting.
Your large and strong wings let you fly indefinitely.
You have large cloven feet.
Your body sometimes deteriorates upon taking damage.


Message History

The two-headed ogre is severely wounded.
The two-headed ogre hits you but does no damage. x2
You hit the two-headed ogre.
You kick the two-headed ogre, but do no damage.
The two-headed ogre is severely wounded.
You block the two-headed ogre's attack. The two-headed ogre closely misses you.
You hit the two-headed ogre.
The two-headed ogre is severely wounded.
Your plate armour prevents you from hitting the two-headed ogre.
The two-headed ogre is severely wounded.
You block the two-headed ogre's attack. x2
You hit the two-headed ogre.
The two-headed ogre is almost dead.
You block the two-headed ogre's attack.
The two-headed ogre hits you but does no damage.
You hit the two-headed ogre.
You kick the two-headed ogre, but do no damage.
The two-headed ogre is almost dead.
The two-headed ogre hits you with a giant club!!
You die...

#.# #....#### #.##### ######.#
#.......###.#.... .......#
#.............#
.#########.............# .#
#..........##.#.#...#
.###.##....##.##.#.#...########.
...........'.......)............
.###.#.....##..#O#.#...#.......
.# #.#.###.##..#@............# .#
#.#.###.##..#.#.#...#.....##. .#
#.......##..#................
.#####.######..#.#.#.........#
)).....................<.###.####
.................................
######.#.####....####.......)....
.........................#######.
######.#.#.##....####......# #.


You could see a two-headed ogre.

Vanquished Creatures
  Sigmund (D:5)
  The ghost of astralcataclysm the Chopper, an amateur MiMo (D:3)
  3 orc warriors
  4 ogres
  A phantom (D:6)
  A bullfrog (D:7)
  2 scorpions
  4 killer bees (D:7)
  A howler monkey (D:5)
  A crimson imp (D:6)
  A quasit (D:5)
  A centaur zombie (D:7)
  A bullfrog zombie (D:6)
  2 gnoll shamans
  A jelly (D:5)
  6 orc wizards
  Crazy Yiuf (D:5)
  4 orc priests
  A bullfrog skeleton (D:7)
  2 iguanas (D:5)
  2 centaur skeletons
  Natasha (D:4)
  A merfolk siren (Sewer)
  4 worker ants
  A merfolk avatar (Sewer)
  A hound skeleton (D:7)
  Robin (D:3)
  10 gnolls
  10 adders
  A river rat (D:6)
  5 worms
  A dart slug (D:1)
  2 leopard geckos
  20 orcs
  9 giant cockroaches
  21 goblins
  20 hobgoblins
  11 kobolds
  3 quokkas
  9 ball pythons
  7 bats
  8 frilled lizards
  31 rats
218 creatures vanquished.

Notes
Turn   | Place    | Note
-------+----------+-------------------------------------------
     0 | D:1      | JeffiDaFish the Gargoyle Fighter began the quest for the Orb.
     0 | D:1      | Reached XP level 1. HP: 14/14 MP: 1/1
   108 | D:1      | Gained mutation: Your body sometimes deteriorates upon taking damage. [potion of mutation]
   108 | D:1      | Gained mutation: Your large and strong wings let you fly indefinitely. [potion of mutation]
   108 | D:1      | Gained mutation: You have large cloven feet. [potion of mutation]
   262 | D:1      | Reached XP level 2. HP: 19/19 MP: 2/2
   699 | D:2      | Reached XP level 3. HP: 23/23 MP: 3/3
  1279 | D:3      | Noticed astralcataclysm's ghost (amateur MiMo)
  1284 | D:3      | Reached XP level 4. HP: 26/29 MP: 4/4
  1299 | D:3      | Killed astralcataclysm's ghost
  1299 | D:3      | Reached skill level 4 in Shields
  1299 | D:3      | Reached XP level 5. HP: 26/33 MP: 5/5
  1504 | D:3      | Reached XP level 6. HP: 36/38 MP: 6/6
  1834 | D:3      | Reached skill level 5 in Shields
  2021 | D:3      | Found a basalt altar of Yredelemnul.
  2080 | D:3      | Found a white marble altar of Elyvilon.
  2100 | D:3      | Noticed Robin
  2161 | D:3      | Killed Robin
  2192 | D:3      | Found a bloodstained altar of Trog.
  2696 | D:4      | Found a basalt altar of Yredelemnul.
  2756 | D:4      | Reached skill level 5 in Maces & Flails
  2756 | D:4      | Reached XP level 7. HP: 43/44 MP: 7/7
  2842 | D:4      | Noticed Natasha
  2845 | D:4      | Killed Natasha
  2877 | D:4      | Found a radiant altar of Vehumet.
  3211 | D:5      | Entered Level 5 of the Dungeon
  3231 | D:5      | Found Issiwnud's Armour Shoppe.
  3503 | D:5      | Found a runed door.
  3507 | D:5      | Noticed Crazy Yiuf
  3513 | D:5      | Killed Crazy Yiuf
  3625 | D:5      | Reached skill level 5 in Armour
  3818 | D:5      | Found a staircase to the Ecumenical Temple.
  3846 | Temple   | Entered the Ecumenical Temple
  3905 | Temple   | Became a worshipper of Warmaster Okawaru
  3985 | D:5      | Noticed Sigmund
  3995 | D:5      | Killed Sigmund
  3995 | D:5      | Reached skill level 6 in Shields
  3995 | D:5      | Reached XP level 8. HP: 48/48 MP: 8/8
  4151 | D:6      | Found a glowing drain.
  4166 | Sewer    | Entered a sewer
  4746 | D:6      | Reached skill level 5 in Fighting
  4791 | D:6      | Found a sparkling altar of Nemelex Xobeh.
  4910 | D:6      | Reached * piety under Okawaru
  4983 | D:6      | Reached skill level 1 in Dodging
  4985 | D:6      | HP: 2/50 [orc wizard/magic dart (3)]
  5395 | D:6      | Found an ornate altar of the Wu Jian Council.
  5396 | D:6      | Found a hide-covered altar of Uskayaw.
  5396 | D:6      | Found a sacrificial altar of Ru.
  5397 | D:6      | Found a burning altar of Makhleb.
  5599 | D:6      | Found an ancient bone altar of Kikubaaqudgha.
  5719 | D:7      | Reached skill level 7 in Shields
  5719 | D:7      | Reached XP level 9. HP: 30/55 MP: 9/9
  5883 | D:7      | Noticed Prince Ribbit
  5888 | D:7      | Reached ** piety under Okawaru
  6195 | D:7      | Reached skill level 1 in Evocations
  6991 | D:7      | Reached skill level 8 in Shields
  7614 | D:7      | Noticed a two-headed ogre
  7634 | D:7      | Mangled by a two-headed ogre

Vault maps used:
D:1:      dpeg_arrival_connections
D:2:      first_bread, minmay_misc_feat_enclosed
D:3:      minmay_diamond_boxcup, kennysheep_ying_yang, moated_statue,
          trog_hazing_becter, uniq_robin
D:4:      vehumet_altar_wand_db, yredelemnul_altar_generic, uniq_natasha
D:5:      minmay_temple_entry_nine_rooms, serial_shops,
          nicolae_shop_behind_doors, glass_columns_a, kennysheep_generic_room_5,
          uniq_sigmund, uniq_crazy_yiuf_cottage
D:6:      chequers_temple_overflow_statue_of_worship, lemuel_doored_altar,
          portal_sewer_entry_e, nemelex_spade_bored_becter
D:7:      hangedman_abyss_or_decor_passed, uniq_prince_ribbit1
Temple:   dshaligram_water_room_temple
Sewer:    sewer_sea

Skill      XL: |  1  2  3  4  5  6  7  8  9 |
---------------+----------------------------+-----
Armour         | 4 5 6 |  6.4
Fighting       | 4 5 6 |  6.2
Maces & Flails | 3 5 6 7 |  7.8
Shields        | 4 5 6 7 8 |  8.2
Dodging        | 1 |  1.5
Evocations     | 1 |  1.5
Stealth        | |  0.8

Action                   |  1- 3 |  4- 6 |  7- 9 || total
-------------------------+-------+-------+-------++-------
Melee: Flail             |   159 |   267 |   782 ||  1208
       Kick              |    22 |    60 |   172 ||   254
Evoke: Wand              |       |     1 |    16 ||    17
  Use: Scroll            |     7 |     2 |     6 ||    15
       Potion            |     4 |     2 |     7 ||    13
  Eat: Chunk             |     1 |     6 |    14 ||    21
       Royal jelly       |       |       |     1 ||     1
Armor: Scale mail        |    42 |       |       ||    42
       Plate armour      |    55 |   192 |   669 ||   916
Dodge: Dodged            |    53 |    35 |   144 ||   232
Block: Shield            |    82 |   159 |   509 ||   750
